 Dungeon Crawl Stone Soup version 0.31-a0-246-g8cbcc1cb85 (webtiles) character file.

Game seed: 99584931234948903

56 qw the Shooter (level 3, 0/29 HPs)
             Began as a Minotaur Hexslinger on July 12, 2023.
             Slain by Sigmund
             ... wielding a +2 antimagic scythe
              (3 damage)
             ... on level 2 of the Dungeon.
             The game lasted 00:00:28 (1406 turns).

qw the Shooter (Minotaur Hexslinger)                Turns: 1406, Time: 00:00:29

Health: 0/29       AC:  9    Str: 12    XL:     3   Next: 71%
Magic:  0/3        EV: 11    Int: 10    God:
Gold:   102        SH:  0    Dex: 14    Spells: 3/4 levels left

rFire   . . .        Y - +1 sling
rCold   . . .        (no shield)
rNeg    + . .        f - +0 ring mail
rPois   .            (helmet restricted)
rElec   .            (no cloak)
rCorr   .            c - +3 Mad Mage's Maulers {Infuse+∞ VampMP -Cast}
SInv    .            (no boots)
Will    .....        (no amulet)
Stlth   +            e - ring of positive energy
HPRegen 0.24/turn    (no ring)
MPRegen 0.08/turn

%: no spellcasting
@: no status effects
A: horns 2, retaliatory headbutt
a: no special abilities


You were on level 2 of the Dungeon.
You visited 1 branch of the dungeon, and saw 2 of its levels.

You collected 102 gold pieces.


Innate Abilities, Weirdness & Mutations

You have a pair of horns on your head.
You reflexively headbutt those who attack you in melee.


   Skills:
 - Level 2.0 Fighting
 - Level 4.1 Ranged Weapons
 + Level 0.7 Armour
 - Level 2.1 Dodging
 - Level 1.0 Spellcasting
 - Level 2.0 Hexes


You had 3 spell levels left.
You knew the following spells:

 Your Spells              Type           Power      Damage    Failure   Level
a - Slow                  Hex            16%        N/A       34%         1

Your spell library contained the following spells:

 Spells                   Type           Power      Damage    Failure   Level
 Inner Flame              Hex/Fire       2%         N/A       83%         3
 Portal Projectile        Hex/Tloc       4%         N/A       83%         3
 Cause Fear               Hex            2%         N/A       98%         4

Inventory:

Hand Weapons
 Y - a +1 sling (weapon)
Armour
 c - the +3 Mad Mage's Maulers (worn) {Infuse+∞ VampMP -Cast}
   (You acquired it on level 1 of the Dungeon)

   Infuse+∞: It empowers its wearer's blows with all of their magic.
   VampMP:    Blows struck in melee replenish the wearer's magic.
   -Cast:     It prevents spellcasting.
 f - a +0 ring mail (worn)
Jewellery
 e - a ring of positive energy (left hand)
Scrolls
 a - 2 scrolls of identify
Potions
 b - 2 potions of degeneration {unknown}

Dungeon Overview and Level Annotations

Branches:
Dungeon (2/15)

Altars:

Annotations:
D:2 Sigmund


Message History

Enter note:
Enter note: You shoot a sling bullet.
The sling bullet barely misses Sigmund.
Sigmund misses you.
You shoot a sling bullet. The sling bullet barely misses Sigmund.
Sigmund hits you from afar with a +2 antimagic scythe.
You shoot a sling bullet. The sling bullet barely misses Sigmund.
Sigmund barely misses you.
You shoot a sling bullet. The sling bullet hits Sigmund.
Sigmund is lightly wounded.
Sigmund hits you from afar with a +2 antimagic scythe!
You feel your power leaking away.
You shoot a sling bullet.
The sling bullet closely misses Sigmund.
Sigmund mumbles some strange words.
Sigmund flickers and vanishes!
Deactivating autopickup; reactivate with Ctrl-A.
You shoot a sling bullet. Something hits you.
You shoot a sling bullet. Something hits you but does no damage.
You shoot a sling bullet. Something hits you but does no damage.
You shoot a sling bullet. Something hits you.
You shoot a sling bullet. You shoot a sling bullet. Something hits you!
You shoot a sling bullet. Something hits you but does no damage.
You shoot a sling bullet. Something hits you.
You shoot a sling bullet. Something hits you.
You feel your power leaking away.
You shoot a sling bullet. Something hits you.
You shoot a sling bullet. Something hits you.
You die...

.'.'.....................#.#..#.#
.###.....................###..#.#
## #....#...#...#...#..#...#.)#.#
##~.###.###.###.#######.#<..).
#~~.#~~~#~~~#~~~#.# #.#.####
##~~~~~~.~~~.~~~..# #.#.....
##.#~.~~~~~~~~~~~####.#.####
##..#.~~~~~~~~~~#....######
##.##....@.:..##.####..... ##
#...#...#.##.# #.####
#.....#.{##.#.# #.####
##.#..(.#.###.# #.#... #
#P#P.#P.##.# #.#.##
#.#.PPP###.####.#.#. ##.P#P##
#......#.#% ## ########.#. ##
######### #.#.


There were no monsters in sight!

Vanquished Creatures
  2 adders (D:2)
  3 ball pythons
  2 endoplasms (D:2)
  3 giant cockroaches (D:1)
  A goblin (D:1)
  6 hobgoblins
  8 jackals
  5 kobolds
  2 bats
  A frilled lizard (D:2)
33 creatures vanquished.

Notes
Turn   | Place    | Note
-------+----------+-------------------------------------------
     0 | D:1      | qw the Minotaur Hexslinger began the quest for the Orb.
     0 | D:1      | Reached XP level 1. HP: 16/16 MP: 1/1
     0 | D:1      | 0 ||| qw: Version: 0.3-a-52-g30416fa
     0 | D:1      | 0 ||| qw: Game counter: 6281
     0 | D:1      | 0 ||| qw: Melee chars always use a shield: true
     0 | D:1      | 0 ||| qw: God list: Okawaru
     0 | D:1      | 0 ||| qw: Allow faded altars: false
     0 | D:1      | 0 ||| qw: Do Orc after clearing Dungeon:15 true
     0 | D:1      | 0 ||| qw: Do second Lair branch before Depths: true
     0 | D:1      | 0 ||| qw: Lair rune preference: random
     0 | D:1      | 0 ||| qw: Goals: Normal
     0 | D:1      | 0 ||| PLANNING D:1-11
   182 | D:1      | Reached skill level 3 in Ranged Weapons
   183 | D:1      | Reached XP level 2. HP: 18/23 MP: 2/2
   263 | D:1      | You fall into a shaft and drop 1 floor!
   389 | D:2      | 389 ||| UPGRADING to +0 ring mail.
   399 | D:2      | 399 ||| DROPPING +0 robe.
   400 | D:2      | 400 ||| UPGRADING to ring of positive energy.
   401 | D:2      | 401 ||| READING scroll labelled OJUCVILISM.
   402 | D:2      | 402 ||| READING scroll labelled TEUXTU GEFRYRR.
   403 | D:2      | 403 ||| DROPPING scroll of poison.
   762 | D:1      | 762 ||| DROPPING ring of magical power.
   763 | D:1      | 763 ||| READING 3 scrolls labelled DITENA FAXITS.
   764 | D:1      | 764 ||| READING scroll labelled TEUFERCH ICUBENOUS.
   764 | D:1      | Identified a scroll of acquirement
   764 | D:1      | 764 ||| ACQUIRING +3 Mad Mage's Maulers {Infuse+∞ VampMP
                  | -Cast}
   764 | D:1      | Acquired the +3 Mad Mage's Maulers {Infuse+∞ VampMP -Cast}
   764 | D:1      | Found the +3 Mad Mage's Maulers {Infuse+∞ VampMP -Cast}
   766 | D:1      | 766 ||| UPGRADING to +3 Mad Mage's Maulers {Infuse+∞ VampMP
                  | -Cast}.
   771 | D:1      | 771 ||| READING scroll labelled MESUIT CIASCH.
   772 | D:1      | 772 ||| DROPPING 2 scrolls of vulnerability.
   807 | D:2      | Reached XP level 3. HP: 29/29 MP: 3/3
  1075 | D:2      | Reached skill level 4 in Ranged Weapons
  1389 | D:2      | Noticed Sigmund
  1390 | D:2      | 1390 ||| Stepping ~*~*~tactically~*~*~ (water).
  1404 | D:2      | HP: 4/29 [something (6)]
  1406 | D:2      | Slain by Sigmund

Levels and vault maps discovered:
D:1:      scummos_arrival_checkerplants, layout_basic, minmay_tromino_v7
D:2:      wad_lake_hut, layout_basic, uniq_sigmund

Skill      XL: |  1  2  3 |
---------------+----------+-----
Ranged Weapons | 3 4 |  4.1
Fighting       | 2 |  2.0
Armour         | |  0.7
Dodging        | |  2.1
Spellcasting   | |  1.0
Hexes          | |  2.0

Action                     || total
---------------------------++-------
   Fire: Sling             ||   113
    Use: Scroll            ||     5
 Armour: Robe              ||     3
         Ring mail         ||    20
  Dodge: Dodged            ||    41

Table legend:
 A = Non-vault XP
 B = Vault XP
 C = Vault XP percentage of total XP
 D = Non-vault monster count
 E = Vault monster count
 F = Vault count percentage of total count
                 A         B        C        D         E       F
            +---------+---------+-------+---------+---------+-------
      Total |      77 |       4 |   4.9 |      31 |       2 |   6.1
            +---------+---------+-------+---------+---------+-------
        D:1 |      27 |       4 |  12.9 |      15 |       2 |  11.8
        D:2 |      50 |       0 |   0.0 |      16 |       0 |   0.0
            +---------+---------+-------+---------+---------+-------
